 Dungeon Crawl Stone Soup version 0.28.0-53-g5a82cb258f (webtiles) character file.

Game seed: 39071333598506155

823 bnorton916 the Magician (level 7, -1/36 HPs)
             Began as a Deep Elf Fire Elementalist on July 14, 2022.
             Was an Initiate of Gozag.
             Succumbed to a water moccasin's poison
             ... on level 5 of the Dungeon.
             The game lasted 00:06:42 (6980 turns).

bnorton916 the Magician (DEFE)                      Turns: 6980, Time: 00:06:43

Health: -1/36      AC:  6    Str:  5    XL:     7   Next: 63%
Magic:  16/19      EV: 12    Int: 20    God:    Gozag
Gold:   161        SH:  0    Dex: 15    Spells: 7/20 levels left

rFire   . . .      SeeInvis +   i - +1 short sword (freeze)
rCold   . . .      Faith    .   (no shield)
rNeg    . . .      Spirit   .   a - +0 robe
rPois   .          Reflect  .   n - +0 helmet
rElec   +          Harm     .   t - +0 cloak
rCorr   +          Rampage  .   r - +0 pair of gloves of Veihaepu {rElec Will++ Int-2 SInv}
Will    ++...                   k - +0 pair of boots
Stlth   ++........              v - amulet of magic regeneration
HPRegen 0.12/turn               j - ring of resist corrosion
MPRegen 0.56/turn               (no ring)

@: brilliant, lethally poisoned (-1 -> -15), gold aura
A: no striking features
a: Renounce Religion, Potion Petition, Call Merchant, Bribe Branch


You were on level 5 of the Dungeon.
You worshipped Gozag.
Gozag was aware of your devotion.
You visited 2 branches of the dungeon, and saw 6 of its levels.

You collected 233 gold pieces.
You paid 72 gold pieces to Gozag.

Inventory:

Hand Weapons
 i - a +1 short sword of freezing (weapon)
Missiles
 b - 90 stones
 s - 4 poisoned darts
Armour
 a - a +0 robe (worn)
 k - a +0 pair of boots (worn)
 n - a +0 helmet (worn)
 r - the +0 pair of gloves of Veihaepu (worn) {rElec Will++ Int-2 SInv}
   (You found it on level 4 of the Dungeon)

   Int:       It affects your intelligence (-2).
   rElec:     It insulates you from electricity.
   SInv:      It lets you see invisible.
   Will:      It greatly increases your willpower.
 t - a +0 cloak (worn)
Jewellery
 j - a ring of resist corrosion (left hand)
 v - an amulet of magic regeneration (around neck)
Scrolls
 d - a scroll of enchant armour {unknown}
 e - 4 scrolls of identify {unknown}
 h - a scroll of teleportation {unknown}
 o - 2 scrolls of magic mapping {unknown}
 p - a scroll of amnesia {unknown}
Potions
 f - 2 potions of brilliance
 g - a potion of attraction {unknown}
 l - a potion of magic {unknown}
 m - 2 potions of cancellation {unknown}
 q - a potion of haste {unknown}
 u - a potion of curing {unknown}


   Skills:
 - Level 2.4 Dodging
 - Level 2.4 Stealth
 + Level 7.0 Spellcasting
 + Level 5.3 Conjurations
 + Level 1.3 Hexes
 + Level 6.3 Fire Magic


You had 7 spell levels left.
You knew the following spells:

 Your Spells              Type           Power      Damage    Failure   Level
a - Foxfire               Conj/Fire      100%       2x1d9     1%          1
b - Scorch                Fire           96%        2d9       1%          2
c - Conjure Flame         Conj/Fire      45%        6-21      2%          3
d - Flame Wave            Conj/Fire      45%        2d10      9%          4
e - Tukima's Dance        Hex            18%        N/A       17%         3

Your spell library contained the following spells:

 Spells                   Type           Power      Damage    Failure   Level
 Inner Flame              Hex/Fire       33%        N/A       6%          3
 Passage of Golubria      Tloc           10%        N/A       67%         4
 Yara's Violent Unravell  Hex/Tmut       7%         3d5       90%         5


Dungeon Overview and Level Annotations

Branches:
Dungeon (5/15)             Temple (1/1) D:5

Altars:
Ashenzari
Cheibriados
Elyvilon
Fedhas
Gozag
Kikubaaqudgha
Makhleb
Trog
Uskayaw
Vehumet
Wu Jian
Yredelemnul
Zin
The Shining One
Ignis

Shops:
D:1 (

Annotations:
D:3 1 runed translucent door, Crazy Yiuf


Message History

Casting: Scorch (safe; 1% risk of failure)
Confirm with . or Enter, or press ? or * to list all spells.
Flames lash the water moccasin.
The water moccasin is moderately wounded.
The water moccasin's fire resistance burns away.
The water moccasin bites you.
You are poisoned.
The water moccasin poisons you!
Casting: Scorch (safe; 1% risk of failure)
Confirm with . or Enter, or press ? or * to list all spells.
Flames lash the water moccasin.
The water moccasin is burned terribly!
The water moccasin is severely wounded.
You feel very sick.
The water moccasin bites you but does no damage.
You feel sick. The water moccasin bites you.
The water moccasin closely misses you.
Unknown command.
Casting: Scorch (safe; 1% risk of failure)
Confirm with . or Enter, or press ? or * to list all spells.
Flames lash the water moccasin.
The water moccasin is burned terribly!
The water moccasin is almost dead.
You feel sick. The water moccasin barely misses you.
You feel sick. The water moccasin bites you!
You are lethally poisoned!
The water moccasin poisons you! The water moccasin bites you.
Unknown command.
Casting: Scorch (safe; 1% risk of failure)
Confirm with . or Enter, or press ? or * to list all spells.
Flames lash the water moccasin.
The water moccasin is burned terribly!
You kill the water moccasin!
* * * LOW HITPOINT WARNING * * *
You feel very sick.
Your Spellcasting skill increases to level 7!
Your Hexes skill increases to level 1!
* * * LOW HITPOINT WARNING * * *
You feel very sick.
It was a potion of brilliance.
You feel clever all of a sudden.
You die...
Your body crumbles into a pile of gold.

....### #..#.#.#.#####.##.#
...
......^###..#...........####
##.# ..
........#..#........# .#
.######.#...............# #
e<...[.....##.#.#......##
.#####.#...#..#.###....# .#
#.#.....##...###...# ##
..$.)...#..$.....#.#
#.......##..@..##..
.......#........#..#
..........###...##....
........... ###.# ....
............(.#.# #.# .
.#.... .##.#.# # .#


There were no monsters in sight!

Vanquished Creatures
  Duvessa (D:5)
  A water moccasin (D:5)
  A black bear (D:4)
  A necrophage (D:4)
  An ogre (D:5)
  Dowan (D:5)
  A howler monkey (D:5)
  2 bullfrog skeletons
  3 hounds (D:4)
  Robin (D:3)
  An adder (D:4)
  An adder skeleton (D:4)
  A dart slug (D:1)
  6 orcs (D:3)
  4 ball pythons
  8 endoplasms
  6 giant cockroaches
  15 goblins
  9 hobgoblins
  8 jackals
  4 kobolds
  2 quokkas
  3 bats
  4 frilled lizards
  6 rats
91 creatures vanquished.

Vanquished Creatures (others)
  392 foxfires
  2 withered plants (D:3)
394 creatures vanquished.

Grand Total: 485 creatures vanquished

Notes
Turn   | Place    | Note
-------+----------+-------------------------------------------
     0 | D:1      | bnorton916 the Deep Elf Fire Elementalist began the quest
                  | for the Orb.
     0 | D:1      | Reached XP level 1. HP: 10/10 MP: 6/6
   150 | D:1      | Reached XP level 2. HP: 15/15 MP: 2/8
   310 | D:1      | Found Udurapef's Antique Weapon Shop.
   878 | D:1      | Reached XP level 3. HP: 19/19 MP: 7/10
  1314 | D:1      | Learned a level 2 spell: Scorch
  1318 | D:1      | Learned a level 3 spell: Conjure Flame
  2089 | D:3      | Reached skill level 4 in Spellcasting
  2342 | D:3      | Found an ancient bone altar of Kikubaaqudgha.
  3014 | D:3      | Reached XP level 4. HP: 24/24 MP: 4/12
  3139 | D:3      | Noticed Robin
  3916 | D:3      | Killed Robin
  4115 | D:3      | Found a runed translucent door.
  4116 | D:3      | Noticed Crazy Yiuf
  4256 | D:3      | Learned a level 4 spell: Flame Wave
  4424 | D:4      | Identified the +0 pair of gloves of Veihaepu {rElec Will++
                  | Int-2 SInv}
  4522 | D:4      | Reached XP level 5. HP: 28/28 MP: 11/14
  4778 | D:4      | Reached skill level 5 in Spellcasting
  4838 | D:4      | Found a blossoming altar of Fedhas.
  5088 | D:4      | Noticed a necrophage
  5109 | D:4      | Killed a necrophage
  5110 | D:4      | Reached skill level 5 in Fire Magic
  5110 | D:4      | Reached XP level 6. HP: 32/32 MP: 7/16
  5398 | D:5      | Entered Level 5 of the Dungeon
  5492 | D:5      | Reached skill level 6 in Spellcasting
  5502 | D:5      | Noticed a water moccasin
  5503 | D:5      | Noticed Duvessa
  5510 | D:5      | Noticed Dowan
  5791 | D:4      | Reached XP level 7. HP: 10/36 MP: 9/18
  6227 | D:5      | Found a staircase to the Ecumenical Temple.
  6245 | D:5      | Killed Duvessa
  6246 | D:5      | Reached skill level 5 in Conjurations
  6596 | D:5      | Killed Dowan
  6912 | Temple   | Entered the Ecumenical Temple
  6954 | Temple   | Became a worshipper of Gozag Ym Sagoz the Greedy
  6959 | Temple   | Learned a level 3 spell: Tukima's Dance
  6979 | D:5      | Reached skill level 7 in Spellcasting
  6979 | D:5      | Reached skill level 1 in Hexes
  6980 | D:5      | Succumbed to a water moccasin's poison

Illustrated notes

Levels and vault maps discovered:
D:1:      giann_wishing_wells, layout_basic, serial_shops, shop_fountains
D:2:      layout_rooms
D:3:      layout_loops_cross, kiku_gazebo_garden_becter, uniq_robin,
          uniq_crazy_yiuf_cottage
D:4:      layout_cave_pods, nicolae_overflow_crystal_walls
D:5:      layout_basic, gammafunk_temple_overflow_wave,
          minmay_temple_entry_slanted, uniq_duvessa
Temple:   ebering_untended_altars

Skill      XL: |  1  2  3  4  5  6  7 |
---------------+----------------------+-----
Conjurations   | 2 3 4 5 |  5.3
Spellcasting   | 4 5 6 7 |  7.0
Fire Magic     | 4 5 6 |  6.3
Hexes          | 1 |  1.3
Dodging        | |  2.4
Stealth        | |  2.4

Action                   |  1- 3 |  4- 6 |  7- 9 || total
-------------------------+-------+-------+-------++-------
Melee: Unarmed           |     1 |       |       ||     1
       Short sword       |       |     2 |       ||     2
 Cast: Foxfire           |   150 |    74 |     1 ||   225
       Scorch            |     3 |    20 |    12 ||    35
       Conjure Flame     |       |     1 |     1 ||     2
  Use: Scroll            |     1 |       |     1 ||     2
       Potion            |       |       |     1 ||     1
Armor: Robe              |    10 |    22 |     2 ||    34
Dodge: Dodged            |    20 |    39 |     3 ||    62
